 Dungeon Crawl Stone Soup version 0.31-a0-1169-gd935f9fcdc (webtiles) character file.

Game seed: 8638451189570377230

70 GreatBamboolord the Shield-Bearer (level 4, -2/44 HPs)
             Began as a Troll Fighter on Dec 10, 2023.
             Killed from afar by Sigmund (10 damage)
             ... with a puff of flame
             ... on level 2 of the Dungeon.
             The game lasted 00:01:31 (1722 turns).

GreatBamboolord the Shield-Bearer (Troll Fighter)   Turns: 1722, Time: 00:01:31

Health: -2/44      AC:  4    Str: 26    XL:     4   Next: 4%
Magic:  3/3        EV:  9    Int:  4    God:
Gold:   75         SH:  7    Dex:  9    Spells: 3/3 levels left

rFire   . . .        a - +0 flail
rCold   . . .        c - +0 kite shield
rNeg    . . .        b - +0 robe
rPois   .            (helmet restricted)
rElec   .            (no cloak)
rCorr   .            (gloves unavailable)
SInv    .            (boots unavailable)
Will    +....        (no amulet)
Stlth   +            (no ring)
HPRegen 1.07/turn    (no ring)
MPRegen 0.08/turn

%: no passive effects
@: enlightened, flying
A: large, unfitting armour, claws 3, regeneration 1, shaggy fur 1, tough skin 1
a: no special abilities


You were on level 2 of the Dungeon.
You visited 1 branch of the dungeon, and saw 3 of its levels.

You collected 75 gold pieces.

Inventory:

Hand Weapons
 a - a +0 flail (weapon)
Armour
 b - a +0 robe (worn)
 c - a +0 kite shield (worn)
Jewellery
 m - a +6 ring of intelligence
Scrolls
 e - a scroll of immolation {unknown}
 i - a scroll of enchant armour {unknown}
 j - a scroll of enchant weapon {unknown}
 k - 2 scrolls of teleportation {unknown}
 l - a scroll of identify {unknown}
 n - a scroll of acquirement {unknown}
Potions
 d - a potion of might
 f - a potion of enlightenment
 g - a potion of curing {unknown}
 h - a potion of lignification {unknown}


   Skills:
 + Level 2.9 Fighting
 + Level 2.4 Maces & Flails
 + Level 2.9 Dodging
 + Level 3.2 Shields


You had 3 spell levels left.
You didn't know any spells.
Your spell library was empty.

Dungeon Overview and Level Annotations

Branches:
Dungeon (3/15)

Altars:

Shops:
D:2 =

Annotations:
D:2 Sigmund


Innate Abilities, Weirdness & Mutations

You are too large for most types of armour.
You have claws for hands.
Your natural rate of healing is unusually fast.
You are covered in fur. (AC +1)
You have tough skin. (AC +1)


Message History

There is a stone staircase leading up here.
Something hits you!
Deactivating autopickup; reactivate with Ctrl-A.
You climb upwards.
Reactivating autopickup.
There is a stone staircase leading down here.
Deactivating autopickup; reactivate with Ctrl-A.
You miss something.
You hear some strange, mumbled words.
A puff of flame appears from out of thin air!
The puff of flame hits you!
You closely miss something. Something hits you.
You miss something. You block something's attack.
You closely miss something. Something hits you.
You hit something. Something hits you.
You closely miss something. You block something's attack.
You sock something! Something hits you.
You barely miss something. Something hits you.
You closely miss something. Something completely misses you.
You barely miss something.
You hear some strange, mumbled words.
You are confused.
You miss something. Something hits you but does no damage.
Unknown command.
You closely miss something. Something hits you.
You bump into the rock wall.
Something hits you but does no damage.
You bump into the rock wall.
You miss something. Something hits you!
You miss something.
You feel less confused. Something hits you!
* * * LOW HITPOINT WARNING * * *
It was a potion of enlightenment.
You feel very buoyant.
You fly up into the air.
Something hits you but does no damage.
You closely miss something.
You hear some strange, mumbled words.
A puff of flame appears from out of thin air!
The puff of flame hits you!
You die...

........# #.# #.#########.#.#
##...##.###.# #........##.#.#
#.∩...#.....# #...........#.#
.......##.############.####.#
.............# ##.## #.#
.......##.##.# ######...###.#
......###.##.# #......#.....#
.....## #.##.# #.####...#####
.##.#####.##.###@## ##÷##
.......##.##.##>{.####.#
.#####.##..#.#.###.##..#
.#####.........# #.##.##
.............#.###.##.#
.#########.####...###.# .#
#.# ##### #.#
.#########.####### #.#
.................# #.#


There were no monsters in sight!

Vanquished Creatures
  4 adders (D:2)
  2 ball pythons (D:2)
  3 bats
  4 endoplasms (D:2)
  3 hobgoblins (D:2)
  2 quokkas
  A frilled lizard (D:1)
  3 goblins (D:1)
  7 kobolds
  3 rats
32 creatures vanquished.

Notes
Turn   | Place    | Note
-------+----------+-------------------------------------------
     0 | D:1      | GreatBamboolord the Troll Fighter began the quest for the
                  | Orb.
     0 | D:1      | Reached XP level 1. HP: 22/22 MP: 0/0
   218 | D:1      | Reached XP level 2. HP: 29/29 MP: 1/1
   616 | D:2      | Reached skill level 3 in Shields
   616 | D:2      | Reached XP level 3. HP: 27/36 MP: 2/2
   793 | D:2      | Found Zeikoon's Jewellery Boutique.
   959 | D:2      | Reached XP level 4. HP: 44/44 MP: 3/3
  1331 | D:3      | Noticed Sigmund
  1722 | D:2      | Killed from afar by Sigmund

Illustrated notes

Levels and vault maps discovered:
D:1:      onia_arrival_pentagram, layout_loops_ring
D:2:      layout_loops_ring, serial_shops, shop, nicolae_half_adder
D:3:      layout_rooms, serial_rivers, chequers_serial_rivers_large_b,
          chequers_serial_rivers_marsh, chequers_serial_rivers_micro_c,
          chequers_serial_rivers_micro_b, uniq_robin, uniq_crazy_yiuf_cottage,
          uniq_sigmund

Skill      XL: |  1  2 |
---------------+-------+-----
Maces & Flails | 2 |  2.4
Shields        | 3 |  3.2
Fighting       | |  2.9
Dodging        | |  2.9

Action                     |  1- 3 |  4- 6 || total
---------------------------+-------+-------++-------
  Melee: Flail             |    84 |    22 ||   106
    Use: Potion            |       |     1 ||     1
   Stab: Sleeping          |     1 |       ||     1
 Armour: Robe              |    50 |    24 ||    74
  Dodge: Dodged            |    30 |     8 ||    38
  Block: Kite shield       |    45 |     8 ||    53

Table legend: (Time is in decaauts)
 A = Elapsed time spent in this place.
 B = Non-inter-level travel time spent in this place.
 C = Inter-level travel time spent in this place.
 D = Time resting spent in this place.
 E = Time spent auto-exploring this place.
 F = Levels seen in this place.
 G = Mean time per level.
                   A        B        C        D        E       F      G
               +--------+--------+--------+--------+--------+-----+--------+
         Total |   1770 |   1741 |     29 |    312 |   1096 |   3 |  590.0 |
       Dungeon |   1770 |   1741 |     29 |    312 |   1096 |   3 |  590.0 |
               +--------+--------+--------+--------+--------+-----+--------+

Top non-repeatable levels by time:
     D:2: 1134 daAuts
     D:1: 571 daAuts
     D:3: 64 daAuts
